 Dungeon Crawl Stone Soup version 0.31-a0-202-g547052bce9 (webtiles) character file.

Game seed: 2259216343418475189

268 qw the Skirmisher (level 6, -1/34 HPs)
             Began as a Deep Elf Hunter on June 26, 2023.
             Succumbed to Eustachio's poison
             ... on level 5 of the Dungeon.
             The game lasted 00:01:07 (2518 turns).

qw the Skirmisher (Deep Elf Hunter)                 Turns: 2518, Time: 00:01:07

Health: -1/34      AC:  8    Str: 10    XL:     6   Next: 0%
Magic:  8/8        EV: 11    Int: 14    God:
Gold:   95         SH:  0    Dex: 18    Spells: 5/5 levels left

rFire   . . .        Y - +0 shortbow
rCold   . . .        (shield currently unavailable)
rNeg    . . .        i - +0 ring mail
rPois   +            (no helmet)
rElec   .            d - +0 cloak
rCorr   .            l - +0 pair of gloves
SInv    .            g - +0 pair of boots
Will    .....        (no amulet)
Stlth   +            e - ring of poison resistance
HPRegen 0.25/turn    (no ring)
MPRegen 0.11/turn

%: no passive effects
@: lethally poisoned (-1 -> -16)
A: no striking features
a: no special abilities


You were on level 5 of the Dungeon.
You visited 1 branch of the dungeon, and saw 5 of its levels.

You collected 221 gold pieces.
You spent 126 gold pieces at shops.


   Skills:
 - Level 1.5 Fighting
 - Level 9.6 Ranged Weapons
 + Level 0.0 Armour
 - Level 2.4 Dodging
 - Level 1.2 Stealth


You had 5 spell levels left.
You didn't know any spells.
Your spell library was empty.

Inventory:

Hand Weapons
 Y - a +0 shortbow (weapon)
Armour
 d - a +0 cloak (worn)
 g - a +0 pair of boots (worn)
 i - a +0 ring mail (worn)
 l - a +0 pair of gloves (worn)
Jewellery
 e - a ring of poison resistance (left hand)
Potions
 a - a potion of resistance {unknown}
 b - a potion of heal wounds {unknown}
 c - a potion of degeneration {unknown}
 f - a potion of enlightenment
 h - a potion of attraction {unknown}
 j - a potion of haste {unknown}
 k - a potion of ambrosia {unknown}
 m - a potion of curing {unknown}
 n - 2 potions of might {unknown}

Dungeon Overview and Level Annotations

Branches:
Dungeon (5/15)
 Temple: D:4-7

Altars:
The Shining One

Shops:
D:4 [

Annotations:
D:3 2 runed translucent doors, qw's ghost, amateur DEHu
D:5 Eustachio


Message History

You are no longer poisoned.
The bat hits you. The bat barely misses you. The river rat bites you.
The bat barely misses you.
You shoot an arrow. The arrow closely misses Eustachio.
The arrow hits the rat!
You kill the rat!
The rat's corpse disappears in a puff of smoke!
The bat hits you but does no damage.
Eustachio hits you with a +4 rapier of venom.
The river rat closely misses you.
Eustachio casts a spell.
Eustachio blinks!
You shoot an arrow. The arrow hits the river rat!
You kill the river rat!
The river rat's corpse disappears in a puff of smoke!
The bat completely misses you.
Eustachio casts a spell.
Eustachio blinks!
You shoot an arrow. The arrow misses the bat.
The bat hits you but does no damage.
You shoot an arrow. The arrow barely misses Eustachio.
The bat hits you but does no damage. The bat hits you.
You shoot an arrow. The arrow hits Eustachio.
Eustachio is heavily wounded.
The bat closely misses you.
Eustachio hits you with a +4 rapier of venom.
The bat barely misses you.
You shoot an arrow. The arrow hits Eustachio.
Eustachio is heavily wounded.
The bat barely misses you.
Eustachio hits you with a +4 rapier of venom.
You shoot an arrow. The arrow misses Eustachio.
The bat barely misses you. The bat misses you. Eustachio closely misses you.
You shoot an arrow. The arrow hits Eustachio!
Eustachio is severely wounded.
The bat barely misses you.
Eustachio hits you with a +4 rapier of venom.
You are lethally poisoned!
The bat barely misses you.
You shoot an arrow. The arrow barely misses Eustachio.
You die...

#.# #.# #.#
#.# ### #.#
#.. #.# #.#
#.# #.#
#<###b######.
#...@@.......
###.#########
........#
#########


You could see Eustachio and a bat (summoned).

Vanquished Creatures
  An ogre (D:4)
  A hound (D:3)
  8 adders
  A worm (D:3)
  3 dart slugs
  6 bats
  9 endoplasms
  9 goblins
  4 hobgoblins
  11 jackals
  3 quokkas
  3 ball pythons
  A frilled lizard (D:1)
  7 kobolds
  6 rats
73 creatures vanquished.

Notes
Turn   | Place    | Note
-------+----------+-------------------------------------------
     0 | D:1      | qw the Deep Elf Hunter began the quest for the Orb.
     0 | D:1      | Reached XP level 1. HP: 12/12 MP: 3/3
     0 | D:1      | 0 ||| qw: Version: 0.3-a-22-g0ed2b0b
     0 | D:1      | 0 ||| qw: Game counter: 5830
     0 | D:1      | 0 ||| qw: Melee chars always use a shield: true
     0 | D:1      | 0 ||| qw: God list: Okawaru
     0 | D:1      | 0 ||| qw: Allow faded altars: false
     0 | D:1      | 0 ||| qw: Do Orc after clearing Dungeon:15 true
     0 | D:1      | 0 ||| qw: Do second Lair branch before Depths: true
     0 | D:1      | 0 ||| qw: Lair rune preference: random
     0 | D:1      | 0 ||| qw: Goals: Normal
     0 | D:1      | 0 ||| PLANNING D:1-11
    87 | D:1      | Reached skill level 6 in Ranged Weapons
    87 | D:1      | Reached XP level 2. HP: 16/16 MP: 4/4
   203 | D:1      | Reached XP level 3. HP: 20/20 MP: 5/5
   316 | D:1      | HP: 5/20 [frozen (5)]
   801 | D:1      | 801 ||| UPGRADING to +0 pair of boots.
   806 | D:1      | 806 ||| UPGRADING to ring of poison resistance.
   807 | D:1      | 807 ||| READING scroll labelled POSTUT DEAHO.
   808 | D:1      | 808 ||| DROPPING scroll of butterflies.
   906 | D:2      | Reached skill level 7 in Ranged Weapons
   947 | D:2      | 947 ||| FLEEEEING.
   948 | D:2      | 948 ||| FLEEEEING.
   949 | D:2      | 949 ||| FLEEEEING.
   950 | D:2      | 950 ||| FLEEEEING.
   951 | D:2      | 951 ||| FLEEEEING.
   952 | D:2      | 952 ||| FLEEEEING.
   953 | D:2      | 953 ||| FLEEEEING.
   954 | D:2      | 954 ||| FLEEEEING.
   955 | D:2      | 955 ||| FLEEEEING.
   956 | D:2      | 956 ||| FLEEEEING.
   957 | D:2      | 957 ||| FLEEEEING.
   958 | D:2      | 958 ||| FLEEEEING.
   959 | D:2      | 959 ||| FLEEEEING.
   960 | D:2      | 960 ||| FLEEEEING.
   961 | D:2      | 961 ||| FLEEEEING.
   962 | D:2      | 962 ||| STAIRDANCE
  1080 | D:2      | Reached XP level 4. HP: 25/25 MP: 6/6
  1205 | D:2      | Found a faded altar of an unknown god.
  1278 | D:2      | 1278 ||| UPGRADING to +0 ring mail.
  1288 | D:2      | 1288 ||| DROPPING +0 leather armour.
  1289 | D:2      | 1289 ||| READING scroll labelled WUNURU QAQIR.
  1290 | D:2      | 1290 ||| READING scroll labelled BUV CUROXATIK.
  1291 | D:2      | 1291 ||| DRINKING 2 pink potions.
  1292 | D:2      | 1292 ||| DRINKING 2 fuming coppery potions.
  1293 | D:2      | 1293 ||| DROPPING potion of invisibility.
  1319 | D:3      | Found a runed translucent door.
  1322 | D:3      | Noticed qw's ghost (amateur DEHu)
  1396 | D:3      | HP: 6/25 [frozen (2)]
  1396 | D:3      | HP: 2/25 [frozen (4)]
  1570 | D:3      | Reached skill level 8 in Ranged Weapons
  1606 | D:3      | Found a runed translucent door.
  1629 | D:3      | Reached XP level 5. HP: 29/29 MP: 7/7
  2049 | D:3      | Found a glowing golden altar of the Shining One.
  2123 | D:3      | 2123 ||| READING scroll labelled OVYQES JUCACI.
  2163 | D:4      | 2163 ||| STAIRDANCE
  2294 | D:4      | Found Ralalaxo's Armour Shop.
  2297 | D:4      | 2297 ||| BUYING +0 cloak (63 gold).
  2297 | D:4      | Bought a +0 cloak for 63 gold pieces
  2297 | D:4      | 2297 ||| BUYING +0 pair of gloves (63 gold).
  2297 | D:4      | Bought a +0 pair of gloves for 63 gold pieces
  2297 | D:4      | 2297 ||| SHOPLISTING +2 helmet of see invisible (301 gold,
                  | have 68).
  2332 | D:4      | Identified the +9 hand axe of Bloody Death {flame, Str+4}
  2337 | D:4      | Noticed an ogre
  2344 | D:4      | Killed an ogre
  2345 | D:4      | Reached skill level 9 in Ranged Weapons
  2345 | D:4      | Reached XP level 6. HP: 34/34 MP: 8/8
  2450 | D:4      | 2450 ||| UPGRADING to +0 cloak.
  2455 | D:4      | 2455 ||| UPGRADING to +0 pair of gloves.
  2484 | D:5      | Entered Level 5 of the Dungeon
  2491 | D:5      | Noticed Eustachio
  2514 | D:5      | HP: 8/34 [Eustachio/+4 rapier of venom (6)]
  2517 | D:5      | HP: 3/34 [Eustachio/+4 rapier of venom (5)]
  2518 | D:5      | Succumbed to Eustachio's poison

Levels and vault maps discovered:
D:1:      lightli_arrival_farm, layout_basic
D:2:      layout_rooms, ebering_ecumenical_altar_rust
D:3:      layout_loops_ring, tso_oasis_becter, ebering_ghost_sewer_f,
          st_stairs_5
D:4:      layout_gridville, serial_shops, nicolae_shop_behind_doors
D:5:      layout_loops_ring, lemuel_zombie_altar_kikubaaqudgha,
          minmay_temple_entry_statues_pillars, kennysheep_windowed_goal,
          uniq_grinder, uniq_eustachio

Skill      XL: |  1  2  3  4  5 |
---------------+----------------+-----
Ranged Weapons | 6 7 8 9 |  9.6
Fighting       | |  1.5
Dodging        | |  2.4
Stealth        | |  1.2

Action                     |  1- 3 |  4- 6 || total
---------------------------+-------+-------++-------
   Fire: Shortbow          |   129 |   134 ||   263
    Use: Scroll            |     1 |     3 ||     4
         Potion            |       |     2 ||     2
 Armour: Leather armour    |    19 |     3 ||    22
         Ring mail         |       |    27 ||    27
  Dodge: Dodged            |    52 |    53 ||   105

Table legend:
 A = Non-vault XP
 B = Vault XP
 C = Vault XP percentage of total XP
 D = Non-vault monster count
 E = Vault monster count
 F = Vault count percentage of total count
                 A         B        C        D         E       F
            +---------+---------+-------+---------+---------+-------
      Total |     376 |       7 |   1.8 |      69 |       4 |   5.5
            +---------+---------+-------+---------+---------+-------
        D:1 |      53 |       0 |   0.0 |      28 |       0 |   0.0
        D:2 |      62 |       0 |   0.0 |      16 |       0 |   0.0
        D:3 |     138 |       7 |   4.8 |      21 |       4 |  16.0
        D:4 |     123 |       0 |   0.0 |       4 |       0 |   0.0
            +---------+---------+-------+---------+---------+-------
